[ AOE2 MATCH · #467279308 ]
Team RMHuns vs Wei
[ REPLAY ANALYSIS · EXTRACTED FROM THE RECORDED GAME ]
Feudal
10:56
Castle
19:04
Imperial
35:27
| APM avg | 30.1 |
| APM peak | 73 |
| eAPM avg | 19.4 |
| Villagers / military | 133 / 580 |
Focus
⚔️ 34.9% · 🌾 65.1%
Spearman ×301 · Tarkan ×225 · Trade Cart ×67 · Cavalry Archer ×45 · Trebuchet (Packed) ×4 · Skirmisher ×3
Feudal
10:37
Castle
24:20
Imperial
42:25
| APM avg | 19.7 |
| APM peak | 46 |
| eAPM avg | 12.7 |
| Villagers / military | 147 / 313 |
Focus
⚔️ 30.6% · 🌾 69.4%
Spearman ×214 · Scout Cavalry ×99 · Unknown (1944) ×71 · Unknown (1949) ×10
Feudal
10:08
Castle
22:10
Imperial
61:06
| APM avg | 35.3 |
| APM peak | 73 |
| eAPM avg | 19.4 |
| Villagers / military | 200 / 157 |
Focus
⚔️ 27.3% · 🌾 72.7%
Skirmisher ×86 · Spearman ×38 · Knight ×16 · Cavalry Archer ×13 · Archer ×4 · Trade Cart ×2
Feudal
10:01
Castle
22:14
Imperial
36:35
| APM avg | 33.5 |
| APM peak | 66 |
| eAPM avg | 14.7 |
| Villagers / military | 132 / 272 |
Focus
⚔️ 27.9% · 🌾 72.1%
Spearman ×129 · Cavalry Archer ×113 · Knight ×20 · Trebuchet (Packed) ×6 · Scout Cavalry ×4
Match map
Initial resources + every placement click. Lines = walls · curves = elevation contours. ◆ gold · ⬟ stone · ● berries · ✦ relic · ◌ wall gap
Your base· Open — unwalled flank
JAVIctory's base· ✓ Closed at 24:20 · 15t walls · 1 gate(s)
Dalio's base· Open — 9t gap
Pip0's base· Open — 2t gap
Smoothed initial terrain · ◌ = detected wall gap · hover for details
Inputs per minute
— MisterNyaah - - JAVIctory
Build order — MisterNyaah
First 150 of 515 actions detected
| 0:00 | Create | Villager (Male) |
| 0:01 | Create | Villager (Male) |
| 0:01 | Create | Villager (Male) |
| 0:01 | Create | Villager (Male) |
| 1:26 | Create | Villager (Male) |
| 2:01 | Create | Villager (Male) |
| 2:11 | Build | Lumber Camp |
| 2:17 | Create | Villager (Male) |
| 2:56 | Create | Villager (Male) |
| 3:19 | Create | Villager (Male) |
| 3:37 | Create | Villager (Male) |
| 3:37 | Create | Villager (Male) |
| 3:40 | Create | Villager (Male) |
| 3:55 | Research | Loom |
| 4:44 | Create | Villager (Male) |
| 4:44 | Create | Villager (Male) |
| 5:19 | Create | Villager (Male) |
| 5:19 | Create | Villager (Male) |
| 5:20 | Create | Villager (Male) |
| 5:20 | Create | Villager (Male) |
| 5:20 | Create | Villager (Male) |
| 5:41 | Create | Villager (Male) |
| 5:42 | Create | Villager (Male) |
| 5:42 | Create | Villager (Male) |
| 5:42 | Create | Villager (Male) |
| 5:52 | Create | Villager (Male) |
| 6:57 | Build | Mill |
| 8:13 | Research | Feudal Age |
| 9:17 | Create | Villager (Male) |
| 10:08 | Build | Barracks |
| 10:56 | Age | Feudal Age |
| 11:00 | Research | Double-Bit Axe |
| 11:00 | Research | Double-Bit Axe |
| 11:01 | Research | Horse Collar |
| 11:20 | Build | Blacksmith |
| 11:22 | Create | Villager (Male) |
| 11:25 | Build | Mining Camp |
| 11:45 | Create | Villager (Male) |
| 11:49 | Build | Farm |
| 12:03 | Build | Stable |
| 12:12 | Create | Villager (Male) |
| 12:17 | Build | Farm |
| 12:37 | Create | Villager (Male) |
| 12:39 | Build | Farm |
| 12:59 | Build | Farm |
| 13:02 | Create | Villager (Male) |
| 13:10 | Create | Scout Cavalry |
| 13:13 | Create | Spearman |
| 13:27 | Create | Villager (Male) |
| 13:29 | Build | Farm |
| 13:51 | Create | Villager (Male) |
| 13:55 | Build | Farm |
| 13:59 | Build | Farm |
| 14:02 | Build | Farm |
| 14:09 | Build | Farm |
| 14:17 | Create | Villager (Male) |
| 14:25 | Build | Farm |
| 14:31 | Build | Farm |
| 14:38 | Create | Villager (Male) |
| 14:51 | Build | Farm |
| 15:06 | Create | Spearman |
| 15:34 | Create | Spearman |
| 15:59 | Create | Villager (Male) |
| 16:08 | Create | Spearman |
| 16:21 | Research | Castle Age |
| 16:38 | Create | Spearman |
| 17:00 | Create | Villager (Male) |
| 17:07 | Create | Spearman |
| 17:26 | Build | Farm |
| 17:29 | Build | Farm |
| 17:36 | Build | Farm |
| 17:45 | Build | Farm |
| 17:51 | Build | Farm |
| 18:07 | Create | Spearman |
| 19:04 | Age | Castle Age |
| 19:05 | Research | Bow Saw |
| 19:05 | Research | Bow Saw |
| 19:07 | Research | Heavy Plow |
| 19:07 | Research | Heavy Plow |
| 19:38 | Create | Villager (Male) |
| 19:42 | Build | Town Center |
| 19:52 | Create | Spearman |
| 20:02 | Research | Stone Mining |
| 20:08 | Create | Villager (Male) |
| 20:20 | Create | Spearman |
| 20:23 | Research | Pikeman (upgrade) |
| 20:24 | Research | Squires |
| 20:30 | Create | Spearman |
| 20:32 | Research | Forging |
| 20:42 | Create | Villager (Male) |
| 21:20 | Create | Villager (Male) |
| 21:28 | Create | Spearman |
| 21:34 | Create | Villager (Male) |
| 21:47 | Build | Town Center |
| 21:52 | Create | Villager (Male) |
| 22:02 | Research | Gold Mining |
| 22:05 | Create | Villager (Male) |
| 22:05 | Create | Villager (Male) |
| 22:14 | Create | Spearman |
| 22:15 | Create | Spearman |
| 22:18 | Build | Farm |
| 22:27 | Create | Villager (Male) |
| 22:32 | Create | Villager (Male) |
| 22:38 | Build | Farm |
| 22:43 | Create | Spearman |
| 22:53 | Create | Villager (Male) |
| 23:03 | Create | Villager (Male) |
| 23:09 | Build | Farm |
| 23:11 | Create | Spearman |
| 23:22 | Create | Villager (Male) |
| 23:33 | Create | Villager (Male) |
| 23:35 | Build | Farm |
| 23:49 | Create | Spearman |
| 23:52 | Create | Villager (Male) |
| 23:53 | Create | Villager (Male) |
| 24:00 | Build | Farm |
| 24:01 | Create | Villager (Male) |
| 24:18 | Create | Villager (Male) |
| 24:19 | Create | Villager (Male) |
| 24:24 | Create | Villager (Male) |
| 24:28 | Build | Farm |
| 24:30 | Create | Villager (Male) |
| 24:35 | Create | Villager (Male) |
| 24:46 | Build | Farm |
| 24:47 | Create | Villager (Male) |
| 24:50 | Create | Spearman |
| 24:54 | Build | Farm |
| 24:55 | Create | Villager (Male) |
| 25:05 | Create | Villager (Male) |
| 25:09 | Build | Farm |
| 25:10 | Create | Villager (Male) |
| 25:18 | Build | Farm |
| 25:31 | Build | Farm |
| 25:34 | Create | Villager (Male) |
| 25:35 | Create | Villager (Male) |
| 25:41 | Build | Farm |
| 25:51 | Create | Villager (Male) |
| 25:56 | Create | Villager (Male) |
| 26:01 | Create | Villager (Male) |
| 26:03 | Create | Villager (Male) |
| 26:09 | Build | Town Center |
| 26:14 | Create | Villager (Male) |
| 26:20 | Research | Wheelbarrow |
| 26:20 | Research | Wheelbarrow |
| 26:36 | Create | Villager (Male) |
| 26:39 | Create | Villager (Male) |
| 26:46 | Create | Spearman |
| 26:48 | Create | Villager (Male) |
| 27:02 | Create | Villager (Male) |
| 27:19 | Create | Villager (Male) |
Build order — JAVIctory
First 150 of 472 actions detected
| 0:01 | Create | Villager (Male) |
| 0:01 | Create | Villager (Male) |
| 0:02 | Create | Villager (Male) |
| 0:03 | Build | House |
| 0:05 | Build | House |
| 0:51 | Create | Villager (Male) |
| 1:30 | Create | Villager (Male) |
| 2:12 | Build | Lumber Camp |
| 2:15 | Create | Villager (Male) |
| 2:28 | Create | Villager (Male) |
| 3:26 | Create | Villager (Male) |
| 3:27 | Create | Villager (Male) |
| 4:00 | Create | Villager (Male) |
| 4:00 | Create | Villager (Male) |
| 4:04 | Build | House |
| 4:28 | Build | Mill |
| 4:38 | Create | Villager (Male) |
| 4:38 | Create | Villager (Male) |
| 4:38 | Create | Villager (Male) |
| 4:39 | Create | Villager (Male) |
| 5:32 | Create | Villager (Male) |
| 6:22 | Create | Villager (Male) |
| 6:22 | Create | Villager (Male) |
| 6:57 | Build | House |
| 7:05 | Create | Villager (Male) |
| 7:10 | Create | Villager (Male) |
| 7:14 | Research | Loom |
| 7:18 | Build | Lumber Camp |
| 7:56 | Research | Feudal Age |
| 7:56 | Research | Feudal Age |
| 8:33 | Create | Villager (Male) |
| 8:34 | Create | Villager (Male) |
| 8:42 | Build | Barracks |
| 10:23 | Build | Palisade Wall |
| 10:37 | Age | Feudal Age |
| 10:42 | Build | Stable |
| 10:45 | Create | Villager (Male) |
| 10:45 | Create | Villager (Male) |
| 10:50 | Research | Double-Bit Axe |
| 10:51 | Research | Horse Collar |
| 11:17 | Build | Palisade Gate |
| 11:29 | Build | Farm |
| 11:30 | Build | Farm |
| 11:34 | Build | Farm |
| 11:35 | Build | Farm |
| 11:44 | Create | Villager (Male) |
| 11:54 | Build | House |
| 11:56 | Build | House |
| 11:59 | Build | House |
| 12:06 | Build | Palisade Wall |
| 12:33 | Create | Scout Cavalry |
| 12:33 | Create | Scout Cavalry |
| 12:33 | Create | Scout Cavalry |
| 12:33 | Create | Scout Cavalry |
| 12:52 | Create | Villager (Male) |
| 12:52 | Create | Villager (Male) |
| 13:01 | Build | Farm |
| 13:09 | Build | Farm |
| 13:14 | Build | Farm |
| 13:15 | Build | Farm |
| 13:29 | Build | Farm |
| 13:33 | Create | Villager (Male) |
| 13:33 | Create | Villager (Male) |
| 13:44 | Build | House |
| 14:01 | Create | Villager (Male) |
| 14:01 | Create | Villager (Male) |
| 14:11 | Build | Mining Camp |
| 14:20 | Create | Villager (Male) |
| 14:30 | Build | Farm |
| 14:40 | Create | Villager (Male) |
| 16:30 | Create | Villager (Male) |
| 16:30 | Create | Villager (Male) |
| 16:30 | Create | Villager (Male) |
| 16:35 | Build | Farm |
| 16:41 | Build | House |
| 16:43 | Build | House |
| 16:45 | Build | House |
| 16:46 | Build | House |
| 17:00 | Build | Market |
| 17:04 | Build | Palisade Wall |
| 17:06 | Build | Palisade Wall |
| 17:06 | Build | Palisade Wall |
| 17:11 | Build | Farm |
| 17:12 | Create | Villager (Male) |
| 17:15 | Research | Gold Mining |
| 17:25 | Build | Farm |
| 17:25 | Build | Farm |
| 17:25 | Build | Farm |
| 17:26 | Build | Farm |
| 17:40 | Build | Farm |
| 18:06 | Create | Scout Cavalry |
| 18:07 | Create | Scout Cavalry |
| 18:11 | Research | Bloodlines |
| 18:24 | Build | Farm |
| 18:25 | Build | Farm |
| 18:25 | Build | Farm |
| 18:30 | Research | Wheelbarrow |
| 18:45 | Research | Town Watch |
| 18:50 | Create | Villager (Male) |
| 19:53 | Build | Blacksmith |
| 20:03 | Build | Farm |
| 21:32 | Build | Farm |
| 21:40 | Research | Castle Age |
| 22:02 | Research | Scale Barding Armor |
| 22:04 | Research | Forging |
| 22:45 | Create | Villager (Male) |
| 22:46 | Create | Villager (Male) |
| 22:55 | Create | Villager (Male) |
| 24:20 | Age | Castle Age |
| 24:25 | Build | Town Center |
| 24:31 | Build | Town Center |
| 24:34 | Research | Bow Saw |
| 24:37 | Research | Heavy Plow |
| 24:44 | Research | Gold Shaft Mining |
| 24:45 | Research | Stone Mining |
| 24:48 | Create | Villager (Male) |
| 24:49 | Create | Villager (Male) |
| 25:07 | Research | Husbandry |
| 25:10 | Create | Unit 1944 ×4 |
| 25:31 | Research | Hand Cart |
| 25:49 | Research | Town Watch |
| 25:49 | Create | Villager (Male) |
| 25:50 | Create | Villager (Male) |
| 25:50 | Create | Villager (Male) |
| 25:50 | Create | Villager (Male) |
| 25:52 | Create | Villager (Male) |
| 25:52 | Create | Villager (Male) |
| 25:53 | Create | Villager (Male) |
| 25:59 | Build | Farm |
| 26:00 | Build | Farm |
| 26:00 | Build | Farm |
| 26:00 | Build | Farm |
| 26:08 | Build | Farm |
| 26:08 | Build | Farm |
| 26:09 | Build | Farm |
| 26:09 | Build | Farm |
| 26:19 | Research | Iron Casting |
| 27:31 | Create | Unit 1944 |
| 27:32 | Create | Unit 1944 |
| 27:36 | Build | Farm |
| 27:36 | Build | Farm |
| 27:37 | Build | Farm |
| 27:40 | Build | Farm |
| 27:40 | Build | Farm |
| 27:44 | Create | Villager (Male) |
| 27:44 | Create | Villager (Male) |
| 27:45 | Create | Villager (Male) |
| 27:47 | Create | Villager (Male) |
| 27:47 | Create | Villager (Male) |
| 27:47 | Create | Villager (Male) |
Build order — Dalio
First 150 of 550 actions detected
| 0:00 | Create | Villager (Male) |
| 0:02 | Build | House |
| 0:03 | Build | House |
| 0:13 | Create | Villager (Male) |
| 0:26 | Create | Villager (Male) |
| 0:53 | Create | Villager (Male) |
| 1:14 | Create | Villager (Male) |
| 1:30 | Create | Villager (Male) |
| 2:01 | Build | Lumber Camp |
| 2:30 | Create | Villager (Male) |
| 2:39 | Create | Villager (Male) |
| 2:52 | Create | Villager (Male) |
| 3:21 | Build | House |
| 3:28 | Create | Villager (Male) |
| 3:51 | Build | Mill |
| 4:15 | Create | Villager (Male) |
| 4:46 | Create | Villager (Male) |
| 5:13 | Create | Villager (Male) |
| 5:21 | Create | Villager (Male) |
| 5:37 | Create | Villager (Male) |
| 5:53 | Create | Villager (Male) |
| 6:15 | Build | House |
| 6:30 | Create | Villager (Male) |
| 6:51 | Create | Villager (Male) |
| 7:13 | Create | Villager (Male) |
| 7:35 | Create | Villager (Male) |
| 7:40 | Research | Loom |
| 8:04 | Research | Feudal Age |
| 8:29 | Build | Mining Camp |
| 8:59 | Build | Barracks |
| 9:07 | Build | Barracks |
| 9:58 | Build | House |
| 10:02 | Build | Palisade Wall |
| 10:08 | Age | Feudal Age |
| 10:10 | Create | Villager (Male) |
| 10:21 | Build | Farm |
| 10:21 | Build | Farm |
| 10:29 | Research | Horse Collar |
| 10:31 | Research | Double-Bit Axe |
| 10:43 | Create | Villager (Male) |
| 10:50 | Create | Villager (Male) |
| 10:58 | Build | House |
| 11:08 | Create | Villager (Male) |
| 11:37 | Create | Villager (Male) |
| 11:50 | Create | Villager (Male) |
| 12:13 | Create | Villager (Male) |
| 12:32 | Build | Palisade Wall |
| 12:54 | Build | Farm |
| 12:54 | Build | Farm |
| 12:55 | Build | Farm |
| 12:56 | Build | Farm |
| 13:18 | Build | House |
| 13:21 | Build | Palisade Wall |
| 13:25 | Build | Palisade Wall |
| 13:28 | Create | Villager (Male) |
| 13:41 | Build | Palisade Wall |
| 13:44 | Build | Palisade Wall |
| 13:58 | Build | Palisade Wall |
| 14:04 | Build | House |
| 14:10 | Create | Spearman |
| 14:10 | Create | Spearman |
| 14:23 | Create | Villager (Male) |
| 15:04 | Build | Farm |
| 15:05 | Create | Villager (Male) |
| 15:21 | Create | Spearman |
| 15:46 | Build | Lumber Camp |
| 15:56 | Create | Villager (Male) |
| 16:10 | Build | Farm |
| 16:26 | Create | Villager (Male) |
| 16:42 | Create | Villager (Male) |
| 16:47 | Build | Farm |
| 17:34 | Build | Archery Range |
| 17:34 | Create | Villager (Male) |
| 17:49 | Create | Villager (Male) |
| 17:54 | Build | House |
| 17:57 | Build | Palisade Wall |
| 18:18 | Create | Archer |
| 18:18 | Create | Archer |
| 18:19 | Create | Villager (Male) |
| 18:24 | Create | Villager (Male) |
| 18:37 | Create | Villager (Male) |
| 18:53 | Build | Blacksmith |
| 18:58 | Build | House |
| 19:03 | Build | Palisade Wall |
| 19:05 | Build | Palisade Wall |
| 19:41 | Create | Villager (Male) |
| 19:44 | Research | Castle Age |
| 19:49 | Create | Villager (Male) |
| 20:03 | Create | Villager (Male) |
| 20:06 | Research | Fletching |
| 20:10 | Build | Archery Range |
| 20:28 | Build | House |
| 20:32 | Build | Palisade Wall |
| 20:54 | Build | Mining Camp |
| 21:01 | Build | Mining Camp |
| 21:13 | Create | Villager (Male) |
| 21:26 | Build | Farm |
| 21:26 | Build | Farm |
| 21:26 | Build | Farm |
| 21:26 | Build | Farm |
| 21:58 | Create | Archer |
| 21:58 | Create | Archer |
| 22:10 | Age | Castle Age |
| 22:18 | Create | Spearman |
| 22:19 | Create | Spearman |
| 22:22 | Create | Villager (Male) |
| 22:22 | Create | Villager (Male) |
| 22:34 | Create | Villager (Male) |
| 22:34 | Create | Villager (Male) |
| 22:53 | Create | Villager (Male) |
| 23:06 | Build | Town Center |
| 23:09 | Create | Villager (Male) |
| 23:20 | Create | Villager (Male) |
| 23:23 | Build | Farm |
| 23:35 | Research | Crossbowman (upgrade) |
| 23:37 | Create | Villager (Male) |
| 23:58 | Research | Wheelbarrow |
| 24:02 | Create | Villager (Male) |
| 24:07 | Build | Farm |
| 24:07 | Build | Farm |
| 24:15 | Create | Villager (Male) |
| 24:31 | Build | Farm |
| 24:36 | Create | Villager (Male) |
| 24:56 | Create | Villager (Male) |
| 24:59 | Build | Farm |
| 25:10 | Create | Villager (Male) |
| 25:15 | Create | Villager (Male) |
| 25:20 | Research | Bow Saw |
| 25:37 | Create | Villager (Male) |
| 25:49 | Build | House |
| 25:50 | Build | House |
| 25:51 | Build | House |
| 25:52 | Build | House |
| 25:54 | Build | House |
| 25:54 | Build | House |
| 25:59 | Build | Farm |
| 26:03 | Research | Gold Mining |
| 26:12 | Research | Squires |
| 26:12 | Research | Pikeman (upgrade) |
| 26:26 | Create | Spearman |
| 26:27 | Create | Spearman |
| 26:39 | Create | Spearman |
| 26:39 | Create | Spearman |
| 26:46 | Research | Forging |
| 26:56 | Build | Barracks |
| 26:58 | Build | Farm |
| 27:06 | Create | Villager (Male) |
| 27:07 | Create | Villager (Male) |
| 27:11 | Create | Spearman |
| 27:12 | Create | Spearman |
Build order — Pip0
First 150 of 431 actions detected
| 0:02 | Create | Villager (Male) |
| 0:02 | Create | Villager (Male) |
| 0:03 | Create | Villager (Male) |
| 0:04 | Build | House |
| 0:46 | Create | Villager (Male) |
| 1:30 | Create | Villager (Male) |
| 1:30 | Create | Villager (Male) |
| 1:47 | Build | Lumber Camp |
| 1:53 | Build | House |
| 2:05 | Create | Villager (Male) |
| 2:06 | Create | Villager (Male) |
| 2:18 | Create | Villager (Male) |
| 2:18 | Create | Villager (Male) |
| 2:18 | Create | Villager (Male) |
| 2:55 | Create | Villager (Male) |
| 2:55 | Create | Villager (Male) |
| 3:18 | Create | Villager (Male) |
| 3:47 | Create | Villager (Male) |
| 3:48 | Create | Villager (Male) |
| 4:03 | Build | House |
| 4:12 | Create | Villager (Male) |
| 4:13 | Create | Villager (Male) |
| 4:40 | Build | Mill |
| 4:51 | Create | Villager (Male) |
| 4:51 | Create | Villager (Male) |
| 4:52 | Create | Villager (Male) |
| 4:52 | Create | Villager (Male) |
| 5:20 | Create | Villager (Male) |
| 5:53 | Build | House |
| 6:16 | Build | Lumber Camp |
| 6:28 | Create | Villager (Male) |
| 6:53 | Create | Villager (Male) |
| 6:54 | Research | Loom |
| 7:12 | Create | Villager (Male) |
| 7:51 | Research | Feudal Age |
| 7:51 | Research | Feudal Age |
| 8:23 | Build | Barracks |
| 8:50 | Create | Villager (Male) |
| 8:59 | Build | House |
| 9:01 | Build | Palisade Wall |
| 10:01 | Age | Feudal Age |
| 10:03 | Build | Stable |
| 10:17 | Build | Palisade Wall |
| 10:21 | Create | Villager (Male) |
| 10:33 | Create | Villager (Male) |
| 10:49 | Create | Scout Cavalry |
| 10:50 | Create | Scout Cavalry |
| 10:56 | Build | Mining Camp |
| 11:02 | Build | Palisade Wall |
| 11:11 | Create | Villager (Male) |
| 11:19 | Build | House |
| 11:22 | Build | House |
| 11:52 | Create | Scout Cavalry |
| 11:52 | Create | Villager (Male) |
| 11:59 | Build | Farm |
| 12:01 | Create | Villager (Male) |
| 12:04 | Build | Farm |
| 12:04 | Build | Farm |
| 12:10 | Build | Farm |
| 12:22 | Create | Scout Cavalry |
| 12:40 | Create | Villager (Male) |
| 12:45 | Build | Farm |
| 13:03 | Create | Villager (Male) |
| 13:25 | Create | Villager (Male) |
| 13:29 | Build | Farm |
| 13:52 | Create | Villager (Male) |
| 14:18 | Create | Villager (Male) |
| 14:36 | Create | Villager (Male) |
| 14:40 | Build | Farm |
| 14:40 | Build | Farm |
| 14:40 | Build | Farm |
| 14:40 | Build | Farm |
| 14:41 | Build | Farm |
| 14:41 | Build | Farm |
| 14:43 | Create | Villager (Male) |
| 15:26 | Build | Farm |
| 15:27 | Create | Villager (Male) |
| 15:34 | Build | House |
| 15:36 | Build | House |
| 15:37 | Build | House |
| 15:58 | Build | Farm |
| 16:00 | Research | Double-Bit Axe |
| 16:03 | Create | Villager (Male) |
| 16:10 | Build | Farm |
| 16:15 | Build | House |
| 16:21 | Build | Palisade Wall |
| 16:26 | Create | Villager (Male) |
| 16:35 | Build | Blacksmith |
| 16:56 | Create | Villager (Male) |
| 17:25 | Build | Farm |
| 17:26 | Build | Farm |
| 17:26 | Build | Farm |
| 17:26 | Build | Farm |
| 17:28 | Create | Villager (Male) |
| 17:29 | Create | Villager (Male) |
| 17:34 | Build | Farm |
| 18:02 | Build | Farm |
| 18:14 | Create | Villager (Male) |
| 18:52 | Create | Villager (Male) |
| 19:02 | Build | Mining Camp |
| 19:34 | Research | Castle Age |
| 19:49 | Build | Market |
| 20:00 | Create | Villager (Male) |
| 20:16 | Build | Archery Range |
| 21:24 | Create | Villager (Male) |
| 21:25 | Create | Villager (Male) |
| 21:49 | Build | Palisade Wall |
| 22:04 | Build | Archery Range |
| 22:10 | Build | Stable |
| 22:14 | Age | Castle Age |
| 22:17 | Build | Town Center |
| 22:21 | Create | Villager (Male) |
| 22:25 | Create | Knight |
| 22:42 | Research | Scale Barding Armor |
| 22:49 | Create | Knight |
| 23:23 | Build | Town Center |
| 23:27 | Create | Villager (Male) |
| 23:33 | Create | Knight |
| 23:40 | Research | Bloodlines |
| 23:44 | Build | Stable |
| 23:53 | Create | Villager (Male) |
| 23:53 | Create | Villager (Male) |
| 24:05 | Research | Bow Saw |
| 24:11 | Create | Villager (Male) |
| 24:21 | Create | Knight |
| 24:28 | Create | Knight |
| 24:34 | Build | House |
| 24:35 | Build | House |
| 24:37 | Build | House |
| 24:38 | Build | House |
| 24:45 | Create | Knight |
| 24:46 | Create | Knight |
| 24:48 | Create | Knight |
| 24:59 | Create | Villager (Male) |
| 25:01 | Create | Villager (Male) |
| 25:10 | Build | Farm |
| 25:10 | Build | Farm |
| 25:12 | Create | Villager (Male) |
| 25:14 | Create | Villager (Male) |
| 25:17 | Create | Villager (Male) |
| 25:17 | Create | Villager (Male) |
| 25:27 | Research | Husbandry |
| 25:29 | Create | Knight |
| 25:30 | Create | Knight |
| 25:46 | Build | Farm |
| 25:46 | Build | Farm |
| 25:49 | Create | Villager (Male) |
| 25:51 | Create | Villager (Male) |
| 25:52 | Create | Villager (Male) |
| 26:03 | Create | Knight |
Match timeline
| 8:23 | Pip0 · first_building Barracks |
| 8:42 | JAVIctory · first_building Barracks |
| 8:59 | Dalio · first_building Barracks |
| 9:01 | Pip0 · wall_segment Palisade Wall x1 |
| 10:01 | Pip0 · age_up feudal |
| 10:02 | Dalio · wall_segment Palisade Wall x7 |
| 10:03 | Pip0 · first_building Stable |
| 10:08 | Dalio · age_up feudal |
| 10:08 | MisterNyaah · first_building Barracks |
| 10:17 | Pip0 · wall_segment Palisade Wall x8 |
| 10:23 | JAVIctory · wall_segment Palisade Wall x11 |
| 10:37 | JAVIctory · age_up feudal |
| 10:42 | JAVIctory · first_building Stable |
| 10:56 | MisterNyaah · age_up feudal |
| 11:02 | Pip0 · wall_segment Palisade Wall x2 |
| 12:03 | MisterNyaah · first_building Stable |
| 12:06 | JAVIctory · wall_segment Palisade Wall x1 |
| 12:32 | Dalio · wall_segment Palisade Wall x9 |
| 13:21 | Dalio · wall_segment Palisade Wall x1 |
| 13:25 | Dalio · wall_segment Palisade Wall x1 |
| 13:41 | Dalio · wall_segment Palisade Wall x1 |
| 13:44 | Dalio · wall_segment Palisade Wall x1 |
| 13:58 | Dalio · wall_segment Palisade Wall x1 |
| 16:21 | Pip0 · wall_segment Palisade Wall x1 |
| 17:04 | JAVIctory · wall_segment Palisade Wall x1 |
| 17:06 | JAVIctory · wall_segment Palisade Wall x1 |
| 17:06 | JAVIctory · wall_segment Palisade Wall x1 |
| 17:34 | Dalio · first_building Archery Range |
| 17:57 | Dalio · wall_segment Palisade Wall x7 |
| 19:03 | Dalio · wall_segment Palisade Wall x8 |
| 19:04 | MisterNyaah · age_up castle |
| 19:05 | Dalio · wall_segment Palisade Wall x5 |
| 20:16 | Pip0 · first_building Archery Range |
| 20:16 | JAVIctory · first_market_buy 100 food |
| 20:32 | Dalio · wall_segment Palisade Wall x7 |
| 21:49 | Pip0 · wall_segment Palisade Wall x1 |
| 22:10 | Dalio · age_up castle |
| 22:14 | Pip0 · age_up castle |
| 24:20 | JAVIctory · age_up castle |
| 27:37 | MisterNyaah · first_building Castle |
| 29:28 | Dalio · first_building Castle |
| 31:51 | Pip0 · first_building Castle |
| 31:59 | Pip0 · first_market_sell 100 wood |
| 32:03 | Pip0 · first_market_buy 100 food |
| 34:59 | MisterNyaah · tribute_sent a jugador 2 |
| 34:59 | MisterNyaah · tribute_sent a jugador 3 |
| 34:59 | MisterNyaah · tribute_sent a jugador 4 |
| 35:06 | MisterNyaah · tribute_sent a jugador 2 |
| 35:06 | MisterNyaah · tribute_sent a jugador 3 |
| 35:06 | MisterNyaah · tribute_sent a jugador 4 |
| 35:27 | MisterNyaah · age_up imperial |
| 36:18 | JAVIctory · first_building Siege Workshop |
| 36:24 | JAVIctory · first_building Castle |
| 36:35 | Pip0 · age_up imperial |
| 38:19 | Dalio · first_building Stable |
| 38:43 | JAVIctory · first_building Monastery |
| 40:52 | Dalio · first_market_buy 100 food |
| 41:14 | Pip0 · first_building Monastery |
| 42:25 | JAVIctory · age_up imperial |
| 51:09 | MisterNyaah · tribute_sent a jugador 2 |
| 51:09 | MisterNyaah · tribute_sent a jugador 3 |
| 51:09 | MisterNyaah · tribute_sent a jugador 4 |
| 51:22 | MisterNyaah · first_building Archery Range |
| 54:59 | MisterNyaah · first_market_sell 500 wood |
| 55:20 | JAVIctory · first_market_sell 500 wood |
| 61:06 | Dalio · age_up imperial |
| 63:27 | MisterNyaah · resign |
[ AI ANALYSIS · 1 CREDIT ]
What really happened in this match?
Wolo.gg analyzes every decision: build order, eco, micro, common mistakes by bracket. Personalized analysis on WhatsApp or Discord in 30 seconds.
Civ guide
Huns
Map guide
Arabia
Perfil
Jugador #5117948